 Dungeon Crawl Stone Soup version 0.31-a0-232-gb1c03b2570 (webtiles) character file.

Game seed: 11017434876112326806

48 qw the Shooter (level 3, -1/21 HPs)
             Began as a Gargoyle Hexslinger on July 6, 2023.
             Frozen to death by an endoplasm (5 damage)
             ... on level 2 of the Dungeon.
             The game lasted 00:00:25 (1203 turns).

qw the Shooter (Gargoyle Hexslinger)                Turns: 1203, Time: 00:00:25

Health: -1/21      AC:  8    Str: 11    XL:     3   Next: 72%
Magic:  4/4        EV: 10    Int: 13    God:
Gold:   34         SH:  0    Dex: 14    Spells: 3/4 levels left

rFire   . . .        Y - +1 sling
rCold   . . .        (no shield)
rNeg    + . .        c - +0 ring mail
rPois   inf          (no helmet)
rElec   +            (no cloak)
rCorr   .            (no gloves)
SInv    .            (no boots)
Will    .....        (no amulet)
Stlth   +            (no ring)
HPRegen 0.23/turn    (no ring)
MPRegen 0.09/turn

%: no passive effects
@: weak-willed
A: sickness immunity, AC +3, negative energy resistance 1, electricity
resistance, torment resistance 1, petrification resistance
a: no special abilities


You were on level 2 of the Dungeon.
You visited 1 branch of the dungeon, and saw 2 of its levels.

You collected 34 gold pieces.


Innate Abilities, Weirdness & Mutations

You are immune to sickness and miasma.
Your stone body is resilient. (AC +3)
You are immune to poison.
You resist negative energy. (rN+)
You are resistant to electric shocks. (rElec)
You are resistant to unholy torment.
You are immune to petrification.


   Skills:
 - Level 2.0 Fighting
 + Level 3.6 Ranged Weapons
 - Level 1.5 Dodging
 - Level 1.0 Spellcasting
 - Level 2.6 Hexes


You had 3 spell levels left.
You knew the following spells:

 Your Spells              Type           Power      Damage    Failure   Level
a - Slow                  Hex            28%        N/A       22%         1

Your spell library contained the following spells:

 Spells                   Type           Power      Damage    Failure   Level
 Inner Flame              Hex/Fire       4%         N/A       75%         3
 Portal Projectile        Hex/Tloc       8%         N/A       75%         3
 Cause Fear               Hex            3%         N/A       92%         4

Inventory:

Hand Weapons
 Y - a +1 sling (weapon)
Armour
 c - a +0 ring mail (worn)
Scrolls
 f - a scroll of identify
Potions
 a - a potion of degeneration {unknown}

Dungeon Overview and Level Annotations

Branches:
Dungeon (2/15)

Altars:

Annotations:
D:2 Terence


Message History

There is a stone staircase leading up here.
Waypoint 1 assigned to D:2.
A hobgoblin comes into view.
Found a scroll of identify and 11 gold pieces.
The hobgoblin shouts!
You shoot a sling bullet. The sling bullet hits the hobgoblin.
The hobgoblin is heavily wounded.
You shoot a sling bullet. The sling bullet hits the hobgoblin.
You kill the hobgoblin!
Found a leather armour and 7 stones.
Terence, an endoplasm and a hobgoblin come into view.
Terence shouts!
The endoplasm quivers.
You shoot a sling bullet.
The sling bullet hits Terence but does no damage.
You shoot a sling bullet. The sling bullet barely misses Terence.
Terence hits you with a +0 mace.
You shoot a sling bullet.
The sling bullet completely misses Terence.
Terence misses you.
You shoot a sling bullet.
The sling bullet hits Terence but does no damage.
The hobgoblin closely misses you.
Terence asks, "Do you want it fast or slow?"
Terence hits you with a +0 mace. The endoplasm freezes you.
You are frozen.
The endoplasm hits you but does no damage.
The hobgoblin hits you. Terence hits you but does no damage.
You shoot a sling bullet. The sling bullet hits Terence.
Terence is moderately wounded.
The hobgoblin hits you. Terence hits you with a +0 mace.
The endoplasm barely misses you.
You shoot a sling bullet.
The sling bullet hits Terence but does no damage.
Terence is moderately wounded.
The hobgoblin hits you. Terence hits you with a +0 mace.
The endoplasm freezes you.
You are frozen.
You die...

#.#.##...
........## .
#.........
..####..$.(....
............... #
............. ..
..[.?...J.#####...
#...@@.........
#...g..###.%...
#...#......#
......#.#.####
.............#
......###....#
#..... #...<#
..#### #....#
#....#


You could see Terence, an endoplasm and a hobgoblin.

Vanquished Creatures
  A gnoll (D:1)
  A dart slug (D:1)
  2 endoplasms (D:1)
  2 giant cockroaches (D:1)
  3 goblins (D:1)
  2 hobgoblins
  2 quokkas (D:1)
  6 ball pythons (D:1)
  4 bats (D:1)
  2 frilled lizards (D:1)
  4 kobolds (D:1)
  7 rats (D:1)
36 creatures vanquished.

Notes
Turn   | Place    | Note
-------+----------+-------------------------------------------
     0 | D:1      | qw the Gargoyle Hexslinger began the quest for the Orb.
     0 | D:1      | Reached XP level 1. HP: 12/12 MP: 2/2
     0 | D:1      | 0 ||| qw: Version: 0.3-a-46-gb1f654a
     0 | D:1      | 0 ||| qw: Game counter: 2092
     0 | D:1      | 0 ||| qw: Melee chars always use a shield: true
     0 | D:1      | 0 ||| qw: God list: Okawaru
     0 | D:1      | 0 ||| qw: Allow faded altars: false
     0 | D:1      | 0 ||| qw: Do Orc after clearing Dungeon:15 true
     0 | D:1      | 0 ||| qw: Do second Lair branch before Depths: true
     0 | D:1      | 0 ||| qw: Lair rune preference: random
     0 | D:1      | 0 ||| qw: Goals: Normal
     0 | D:1      | 0 ||| PLANNING D:1-11
   326 | D:1      | Reached XP level 2. HP: 16/16 MP: 3/3
   394 | D:1      | 394 ||| UPGRADING to +0 leather armour.
   439 | D:1      | 439 ||| DROPPING +0 robe.
   441 | D:1      | 441 ||| READING scroll labelled UQAUHAAFENO.
   459 | D:1      | Reached skill level 3 in Ranged Weapons
   611 | D:1      | Reached XP level 3. HP: 16/21 MP: 4/4
   632 | D:1      | 632 ||| UPGRADING to +0 ring mail.
   642 | D:1      | 642 ||| DROPPING +0 leather armour.
  1177 | D:1      | 1177 ||| READING scroll labelled RIETWO ACHUMEH.
  1178 | D:1      | 1178 ||| READING 2 scrolls labelled PAALO MIOCIHA.
  1179 | D:1      | 1179 ||| DROPPING scroll of poison.
  1197 | D:2      | Noticed Terence
  1203 | D:2      | HP: 5/21 [hobgoblin (1)]
  1203 | D:2      | Frozen to death by an endoplasm

Levels and vault maps discovered:
D:1:      lemuel_arrival_river_ford, layout_loops_corners, serial_glass,
          glass_columns_a, glass_columns_a, minmay_tromino_i2
D:2:      layout_rooms, uniq_terence

Skill      XL: |  1  2 |
---------------+-------+-----
Ranged Weapons | 3 |  3.6
Fighting       | 2 |  2.0
Dodging        | |  1.5
Spellcasting   | |  1.0
Hexes          | |  2.6

Action                     || total
---------------------------++-------
   Fire: Sling             ||   111
    Use: Scroll            ||     3
 Armour: Robe              ||     1
         Leather armour    ||     7
         Ring mail         ||    14
  Dodge: Dodged            ||    28

Table legend:
 A = Non-vault XP
 B = Vault XP
 C = Vault XP percentage of total XP
 D = Non-vault monster count
 E = Vault monster count
 F = Vault count percentage of total count
                 A         B        C        D         E       F
            +---------+---------+-------+---------+---------+-------
      Total |      65 |       4 |   5.8 |      34 |       2 |   5.6
            +---------+---------+-------+---------+---------+-------
        D:1 |      63 |       4 |   6.0 |      33 |       2 |   5.7
        D:2 |       2 |       0 |   0.0 |       1 |       0 |   0.0
            +---------+---------+-------+---------+---------+-------
